Map: Shrines of Lizul

Players

Dexter

  • Race: Protoss Protoss
  • League: Diamond
  • Spawn Location: 12:00

SoSicK

  • Race: Zerg Zerg
  • Spawn Location: 3:00

ILIEKEGGPIE

  • Race: Protoss Protoss
  • League: Platinum
  • Spawn Location: 6:00

MeowMeow

  • Race: Zerg Zerg
  • League: Gold
  • Spawn Location: 9:00

VOD

Have the link to the VOD?

Description

Time

  • Played on: May 23, 2018, 6:58 p.m.
  • Length: 18:08
Show
View Real Time Build Order
Export as new Build Order

Dexter Protoss 

Build Orders:  

Get SALT Encoding   

  12  0:00  Probe  
  13  0:12  Probe  
  14  0:21  Pylon  
  14  0:25  Probe  
  15  0:36  Probe  
  15  0:41  Gateway  
  16  0:44  Probe  
  17  0:53  Probe  
  18  0:57  Assimilator  
  18  1:05  Probe  
  19  1:11  Assimilator  
  19  1:17  Gateway  
  19  1:18  Probe  
  20  1:29  Cybernetics Core  
  20  1:31  Probe  
  21  1:38  Warp Gate  
  21  1:40  Pylon  
  21  1:43  Probe  
  22  1:55  Probe  
  23  2:05  Stalker x2  
  23  2:07  Probe  
  28  2:20  Probe  
  29  2:26  Pylon  
  29  2:33  Probe  
  30  2:40  Gateway  
  30  2:44  Gateway  
  30  2:51  Stalker  
  32  3:00  Stalker  
  34  3:06  Pylon  
  34  3:46  Stalker x3  
  34  3:47  Stalker  
  42  4:05  Probe  
  43  4:18  Stalker  
  43  4:19  Stalker  
  47  4:24  Pylon  
  47  4:26  Pylon  
  47  4:38  Nexus  
  43  4:56  Stalker x2  
  43  4:57  Stalker x2  
  49  5:16  Pylon  
  49  5:19  Pylon  
  49  5:31  Robotics Facility, Stalker  
  49  5:35  Stalker  
  43  6:03  Stalker x3  
  43  6:04  Stalker  
  50  6:18  Probe  
  50  6:20  Probe  
  51  6:30  Probe  
  51  6:32  Probe  
  51  6:39  Observer  
  45  6:42  Probe  
  45  6:44  Stalker x2  
  51  6:59  Stalker x2  
  47  7:16  Stalker  
  47  7:17  Stalker  
  49  7:30  Pylon  
  49  7:43  Stalker x4  
  44  8:06  Stalker x2  
  44  8:07  Stalker x2  
  50  8:17  Immortal  
  46  8:22  Forge  
  46  8:23  Probe  
  45  8:34  Protoss Ground Weapons Level 1  
  45  8:35  Stalker  
  45  8:36  Stalker  
  49  8:44  Probe x2  
  49  8:47  Assimilator  
  51  8:49  Assimilator  
  51  9:11  Photon Cannon  
  51  9:13  Probe x2  
  51  9:14  Photon Cannon  
  53  9:17  Stalker x2  
  53  9:18  Sentry  
  59  9:24  Probe x2  
  61  9:32  Probe x2  
  63  9:40  Probe x2  
  65  9:47  Robotics Bay  
  65  9:52  Probe x2  
  67  10:02  Protoss Ground Armor Level 1  
  67  10:04  Probe  
  67  10:06  Nexus  
  68  10:08  Observer  
  68  10:10  Sentry x2  
  72  10:14  Probe  
  72  10:16  Probe  
  75  10:26  Colossus  
  75  10:27  Pylon  
  75  10:34  Twilight Council  
  81  10:44  Zealot  
  83  10:52  Stalker  
  83  10:53  Stalker  
  87  11:02  Pylon  
  87  11:04  Colossus  
  87  11:19  Assimilator  
  87  11:20  Extended Thermal Lance  
  87  11:23  Assimilator, Probe x3  
  96  11:35  Probe  
  97  11:41  Stalker x2  
  97  11:46  Colossus  
  101  11:52  Protoss Ground Weapons Level 2  
  101  12:01  Charge  
  107  12:04  Probe x2  
  107  12:08  Pylon  
  109  12:10  Pylon  
  109  12:32  Colossus, Templar Archives, Forge  
  109  12:37  Gateway  
  115  12:48  Photon Cannon  
  115  12:49  Probe  
  116  12:52  Photon Cannon  
  116  13:01  Probe x3  
  119  13:07  Protoss Ground Armor Level 2  
  119  13:10  Robotics Facility  
  119  13:14  Stalker x2  
  123  13:29  Colossus, Pylon  
  123  13:32  Pylon x2  
  123  13:34  Pylon  
  129  13:43  Pylon  
  129  13:45  Pylon  
  129  13:46  High Templar x2  
  129  13:48  High Templar x2  
  135  13:50  Archon  
  136  14:05  Probe x2  
  136  14:07  Colossus  
  144  14:18  Gateway  
  144  14:21  Gateway  
  144  14:23  Gateway  
  144  14:27  Pylon  
  109  15:08  Colossus  
  109  15:16  Protoss Ground Weapons Level 3  
  121  15:24  Stalker x5  
  121  15:25  Protoss Ground Armor Level 3  
  131  15:36  Blink  
  131  15:54  Colossus  
  131  15:59  Stalker x3  
  131  16:00  Stalker x4  
  90  16:42  Assimilator  
  90  16:49  Colossus  
  90  16:50  Colossus  
  90  16:51  Pylon  
  90  16:59  Pylon  
  90  17:00  Nexus  
  102  17:03  Pylon  
  102  17:04  Zealot x3, Pylon  
  102  17:05  Zealot x3  
  114  17:11  Pylon  
  113  17:33  Stalker x2  
  113  17:34  Stalker x4  
Show
View Real Time Build Order
Export as new Build Order

SoSicK Zerg 

Build Orders: Pool First 

Get SALT Encoding   

  12  0:01  Drone  
  13  0:08  Drone  
  14  0:17  Overlord  
  14  0:34  Spawning Pool  
  13  0:37  Drone  
  13  0:41  Drone  
  15  0:45  Extractor  
  15  0:47  Drone  
  15  0:52  Drone  
  16  0:59  Drone  
  17  1:10  Drone  
  18  1:27  Hatchery  
  17  1:38  Queen  
  19  1:47  Drone x2  
  19  1:53  Metabolic Boost  
  21  1:57  Drone  
  22  2:06  Overlord  
  22  2:20  Roach Warren  
  22  2:21  Extractor  
  20  2:28  Zergling x4  
  22  2:35  Spine Crawler  
  21  2:47  Drone x2  
  21  2:49  Drone  
  24  2:51  Drone  
  24  2:56  Zergling x2  
  26  3:05  Drone x2  
  27  3:11  Drone  
  29  3:17  Drone  
  29  3:18  Drone  
  31  3:29  Spine Crawler  
  22  3:50  Zergling x2  
  22  3:51  Zergling x6  
  26  3:56  Lair  
  26  4:18  Zergling x4  
  27  4:44  Drone x3  
  25  4:49  Baneling Nest  
  24  4:56  Roach x2  
  24  4:59  Overlord  
  28  5:17  Queen  
  28  5:19  Roach x2  
  34  5:27  Glial Reconstitution  
  34  5:32  Drone  
  35  5:47  Roach  
  33  5:56  Roach  
  34  6:15  Overlord x3  
  34  6:40  Hatchery  
  29  6:58  Roach x4  
  29  6:59  Roach  
  33  7:13  Drone x2  
  36  7:15  Drone x2  
  37  7:29  Drone  
  38  7:36  Hydralisk Den  
  37  7:45  Roach x3  
  41  7:57  Roach x3  
  47  8:03  Drone  
  47  8:04  Drone  
  50  8:05  Drone  
  50  8:28  Overlord  
  50  8:29  Overlord x2  
  44  8:47  Roach x6  
  54  8:53  Drone x2  
  54  8:58  Spore Crawler  
  49  9:13  Roach x2  
  49  9:14  Roach x2  
  49  9:15  Drone  
  58  9:18  Drone  
  59  9:29  Spore Crawler  
  59  9:30  Drone  
  59  9:31  Drone  
  60  9:32  Spine Crawler  
  60  9:36  Drone x3  
  62  9:42  Spine Crawler  
  61  9:47  Evolution Chamber  
  61  9:52  Evolution Chamber  
  59  9:54  Overlord  
  59  9:57  Overlord  
  59  10:04  Queen  
  61  10:12  Grooved Spines  
  61  10:19  Extractor  
  60  10:22  Roach  
  60  10:23  Roach, Hydralisk  
  66  10:33  Spine Crawler  
  65  10:41  Spine Crawler  
  64  10:46  Drone x2  
  64  10:47  Drone  
  67  10:52  Hydralisk  
  67  10:53  Hydralisk  
  71  10:58  Zerg Melee Weapons Level 1  
  71  11:01  Zerg Missile Weapons Level 1  
  71  11:07  Drone x2  
  71  11:08  Drone  
  74  11:12  Overlord  
  74  11:18  Overlord  
  74  11:23  Muscular Augments  
  74  11:33  Spore Crawler, Drone x3  
  76  11:58  Centrifical Hooks  
  76  12:00  Drone x2  
  78  12:11  Infestation Pit, Hydralisk x4  
  78  12:12  Hydralisk x2  
  89  12:24  Zergling x2  
  89  12:27  Overlord  
  89  12:28  Overlord x2  
  90  12:30  Overseer  
  90  12:47  Spire  
  90  12:48  Drone  
  90  12:49  Drone x5  
  95  12:53  Queen  
  95  12:54  Drone  
  95  12:55  Zerg Ground Armor Level 1, Drone x2  
  95  12:56  Extractor  
  99  13:11  Drone x2  
  99  13:12  Extractor  
  100  13:16  Zergling x14  
  107  13:40  Hydralisk  
  107  13:41  Hydralisk x2  
  108  13:43  Overlord  
  112  13:59  Baneling x2  
  112  14:00  Baneling x3  
  112  14:01  Baneling x3  
  112  14:02  Baneling x2  
  112  14:06  Hydralisk  
  112  14:07  Hydralisk x3  
  120  14:10  Overlord x3  
  120  14:20  Zergling x2  
  60  15:15  Drone x2  
  60  15:16  Drone  
  60  15:21  Zergling x14  
  62  15:22  Zergling x26  
  81  15:31  Zerg Melee Weapons Level 2  
  81  15:32  Zerg Missile Weapons Level 2  
  80  15:57  Baneling  
  80  15:58  Baneling x4  
  80  16:01  Baneling x4  
  80  16:03  Roach  
  96  16:04  Roach x12  
  87  16:31  Hydralisk  
  87  16:32  Hydralisk x7  
  94  17:00  Hatchery  
  93  17:18  Zergling x2  
  93  17:19  Zergling x16  
  102  17:23  Extractor  
  101  17:44  Hatchery  
Show
View Real Time Build Order
Export as new Build Order

ILIEKEGGPIE Protoss 

Build Orders:  

Get SALT Encoding   

  12  0:01  Probe  
  13  0:13  Probe  
  14  0:19  Pylon  
  14  0:25  Probe  
  15  0:36  Probe  
  15  0:42  Gateway  
  16  0:44  Probe  
  17  0:52  Probe  
  17  0:56  Assimilator  
  18  1:04  Probe  
  19  1:12  Assimilator  
  19  1:16  Probe  
  20  1:20  Gateway  
  20  1:28  Probe  
  21  1:40  Probe  
  21  1:43  Pylon  
  22  2:02  Cybernetics Core  
  22  2:28  Probe, Nexus  
  23  2:30  Adept x2  
  23  2:40  Probe, Warp Gate  
  28  2:48  Pylon  
  28  2:57  Stalker  
  28  3:03  Stalker  
  32  3:21  Robotics Facility  
  32  3:38  Stalker x2  
  36  3:45  Probe  
  37  3:50  Probe  
  37  3:51  Twilight Council  
  38  3:57  Probe  
  38  4:00  Probe  
  39  4:09  Probe  
  41  4:10  Probe  
  41  4:16  Pylon  
  42  4:17  Probe  
  42  4:22  Probe  
  48  4:34  Probe  
  49  4:40  Immortal  
  49  4:56  Charge  
  49  5:00  Sentry x2  
  53  5:13  Gateway  
  53  5:15  Probe x2  
  53  5:17  Gateway  
  53  5:19  Gateway  
  55  5:22  Pylon  
  55  5:23  Observer  
  56  5:29  Probe x2  
  56  5:32  Assimilator  
  56  5:35  Forge x2  
  58  5:41  Pylon  
  48  6:04  Stalker x2  
  48  6:06  Immortal  
  56  6:16  Dark Shrine  
  56  6:21  Stalker x3  
  60  6:41  Immortal  
  58  6:55  Sentry  
  42  7:16  Stalker x3  
  48  7:31  Zealot  
  48  7:32  Zealot  
  52  7:38  Assimilator  
  50  7:58  Pylon  
  50  8:03  Pylon  
  50  8:04  Zealot x3  
  56  8:11  Pylon  
  56  8:12  Pylon  
  56  8:17  Pylon  
  56  8:19  Pylon  
  56  8:26  Dark Templar  
  56  8:27  Dark Templar  
  60  8:41  Protoss Ground Armor Level 1, Protoss Ground Weapons Level 1  
  60  8:46  Zealot x3  
  66  8:50  Gateway x2  
  62  9:10  Dark Templar x2  
  62  9:12  Dark Templar  
  62  9:14  Dark Templar  
  70  9:19  Probe  
  70  9:20  Probe  
  70  9:21  Blink  
  72  9:27  Archon x2  
  72  9:31  Probe  
  72  9:38  Nexus  
  73  9:44  Warp Prism  
  73  9:46  Pylon  
  73  9:48  Pylon  
  73  9:50  Zealot  
  73  9:51  Zealot x5  
  87  10:20  Observer  
  88  10:36  Protoss Ground Armor Level 2, Protoss Ground Weapons Level 2  
  86  10:59  Dark Templar x3  
  86  11:00  Dark Templar  
  86  11:03  Probe x2  
  96  11:09  Assimilator  
  96  11:10  Assimilator  
  96  11:18  Probe x2  
  98  11:22  Pylon  
  98  11:23  Zealot x2  
  98  11:24  Zealot  
  104  11:26  Pylon  
  104  11:28  Pylon  
  104  11:32  Zealot x3  
  96  12:04  Robotics Facility  
  96  12:08  Robotics Facility, Probe x2, Robotics Bay  
  98  12:20  Probe x2  
  98  12:22  Dark Templar x4  
  108  12:25  Zealot x3  
  108  12:27  Archon x2  
  114  12:46  Dark Templar  
  114  12:47  Dark Templar  
  114  12:48  Protoss Ground Weapons Level 3  
  118  12:53  Archon  
  118  12:54  Protoss Ground Armor Level 3  
  118  13:37  Colossus  
  118  13:39  Colossus  
  128  13:42  Zealot  
  128  13:43  Zealot x6  
  142  13:50  Colossus  
  148  14:33  Colossus  
  72  15:15  Colossus x2  
  84  15:40  Zealot x2  
  84  15:41  Zealot x4  
  84  15:42  Zealot  
  98  15:58  Immortal  
  71  16:31  Zealot x5  
  81  16:47  Dark Templar  
  81  16:48  Dark Templar  
  85  17:12  Nexus  
  85  17:16  Immortal x3  
  85  17:19  Stalker x4  
  85  17:20  Stalker  
  85  17:22  Stalker x2  
  111  17:33  Archon  
Show
View Real Time Build Order
Export as new Build Order

MeowMeow Zerg 

Build Orders: Pool First 

Get SALT Encoding   

  12  0:11  Drone  
  12  0:12  Drone  
  14  0:15  Extractor  
  14  0:17  Drone  
  14  0:27  Overlord  
  14  0:41  Overlord  
  14  0:53  Spawning Pool  
  13  1:06  Drone x2  
  15  1:11  Drone  
  16  1:25  Drone  
  17  1:29  Drone  
  18  1:40  Metabolic Boost  
  18  1:50  Zergling x2  
  18  1:51  Zergling x2  
  20  2:06  Hatchery  
  19  2:08  Zergling x2  
  20  2:24  Zergling x4  
  22  2:34  Zergling x2  
  23  2:47  Queen, Zergling x2  
  26  2:55  Roach Warren  
  25  3:09  Zergling x4  
  27  3:17  Drone  
  28  3:21  Evolution Chamber, Baneling Nest  
  28  3:22  Drone  
  26  3:36  Zergling x4  
  26  3:37  Zergling x2  
  26  3:40  Zergling x2  
  30  3:49  Zergling x2  
  31  4:02  Zergling x10  
  33  4:21  Roach  
  33  4:22  Baneling x2  
  33  4:23  Baneling x2  
  35  4:32  Baneling  
  35  4:33  Zergling x2  
  29  4:48  Zergling x2  
  29  4:49  Zergling x2  
  29  4:51  Zergling x4  
  29  4:52  Zergling x4  
  27  5:05  Baneling  
  27  5:06  Baneling  
  27  5:08  Baneling x2  
  27  5:11  Overlord  
  27  5:12  Overlord  
  27  5:14  Baneling x2  
  27  5:18  Drone  
  28  5:26  Overlord  
  24  5:44  Zergling x2  
  24  5:45  Zergling x8  
  24  5:49  Zergling x2  
  25  5:55  Drone  
  26  5:59  Roach  
  26  6:02  Zergling x2  
  27  6:12  Roach  
  27  6:14  Roach  
  27  6:17  Drone  
  32  6:20  Drone  
  32  6:24  Baneling  
  33  6:30  Roach  
  30  6:37  Roach  
  30  6:41  Roach  
  30  6:45  Roach  
  35  6:47  Drone  
  35  6:51  Drone  
  35  6:53  Drone  
  37  7:08  Roach x3  
  43  7:10  Roach  
  45  7:21  Roach x2  
  49  7:22  Roach  
  49  7:28  Roach  
  49  7:41  Roach  
  47  7:44  Roach  
  47  7:45  Roach  
  47  7:47  Zergling x6  
  47  7:51  Roach  
  46  7:58  Roach  
  46  7:59  Roach  
  48  8:10  Roach x2  
  49  8:16  Roach x2  
  47  8:29  Drone  
  47  8:30  Drone, Zergling x2  
  44  8:36  Roach  
  44  8:40  Roach  
  42  8:47  Drone  
  43  8:59  Roach x2  
  46  9:08  Drone  
  46  9:09  Drone x3  
  50  9:16  Drone  
  51  9:17  Zerg Missile Weapons Level 1  
  51  9:24  Extractor  
  51  9:27  Drone  
  51  9:31  Ravager  
  52  9:38  Overlord, Hatchery  
  52  9:39  Drone  
  52  9:40  Extractor  
  52  9:43  Drone, Extractor  
  52  9:44  Queen  
  52  9:45  Evolution Chamber  
  52  9:47  Overlord  
  52  9:57  Drone x2  
  54  10:01  Drone  
  54  10:04  Drone  
  56  10:08  Drone  
  56  10:12  Overlord, Drone  
  58  10:20  Queen  
  60  10:22  Lair  
  60  10:33  Drone  
  61  10:40  Drone  
  61  10:42  Zerg Ground Armor Level 1  
  62  10:51  Drone  
  62  10:54  Drone x2  
  65  11:05  Drone  
  65  11:07  Zergling x2  
  65  11:08  Zergling x8  
  65  11:09  Drone  
  72  11:13  Drone x2  
  74  11:20  Drone  
  74  11:21  Roach  
  77  11:28  Hydralisk Den  
  77  11:30  Zerg Missile Weapons Level 2  
  77  11:31  Infestation Pit  
  75  11:33  Roach x3  
  75  11:38  Drone  
  82  11:46  Baneling  
  82  11:47  Baneling x5  
  82  11:53  Overlord x3  
  82  11:54  Overlord  
  82  11:59  Overlord x2  
  82  12:09  Overseer  
  82  12:21  Hydralisk x3  
  88  12:28  Grooved Spines  
  88  12:30  Pathogen Glands  
  88  12:32  Infestor  
  88  12:35  Drone  
  91  12:38  Drone x2  
  93  12:45  Drone x3  
  93  12:48  Extractor  
  93  12:49  Hydralisk x4, Extractor  
  93  12:50  Hydralisk  
  104  13:01  Spore Crawler  
  104  13:02  Drone  
  104  13:04  Spore Crawler  
  103  13:15  Hydralisk  
  103  13:16  Hydralisk x2  
  109  13:32  Hydralisk x3  
  109  13:34  Drone x2  
  117  13:40  Muscular Augments, Hydralisk x2  
  121  14:07  Overlord x2  
  121  14:08  Overlord  
  121  14:11  Zerg Ground Armor Level 2  
  121  14:14  Hive  
  121  14:15  Drone  
  121  14:29  Hydralisk  
  121  14:30  Hydralisk x6  
  131  14:41  Drone  
  131  14:42  Drone  
  133  14:52  Hydralisk x5  
  131  14:53  Hydralisk x2  
  111  15:04  Hydralisk x2  
  111  15:05  Hydralisk  
  78  15:17  Hydralisk x3  
  80  15:34  Hydralisk x3  
  66  15:43  Hydralisk x3  
  66  15:48  Roach  
  66  15:49  Roach  
  64  15:59  Hydralisk x2  
  63  16:08  Hydralisk x2  
  66  16:21  Hydralisk  
  66  16:23  Hydralisk  
  52  16:29  Drone  
  45  16:38  Drone  
  46  17:01  Zergling x6  
  46  17:02  Zergling x4  
  46  17:05  Hatchery  
  46  17:07  Spore Crawler, Spine Crawler  
  48  17:14  Hydralisk x3  
  54  17:20  Zergling x6  
  57  17:25  Spire  
  57  17:28  Drone  
  57  17:33  Spine Crawler  
  56  17:39  Zergling x4  
  44  17:44  Zergling x2  
  44  17:48  Zergling x2  
  44  17:49  Zergling x6  
  38  17:59  Spine Crawler x2  
  35  18:06  Spine Crawler  
Tags
 
Add a new tag
Caveats
  • Supply blocks, unpowered buildings, or Contaminate may cause inaccurate times.
  • Supply counts are checked every 10 seconds.